 Dungeon Crawl Stone Soup version 0.31-a0-1278-g11c5b68 (webtiles) character file.

Game seed: 5112078645893999538

12210 gwaga3 the Marksant (level 12, 0/102 HPs)
             Began as a Formicid Hunter on Dec 17, 2023.
             Was an Initiate of Gozag.
             Succumbed to a tengu warrior zombie's poison
             ... on level 10 of the Dungeon.
             The game lasted 00:15:37 (8298 turns).

gwaga3 the Marksant (Formicid Hunter)               Turns: 8298, Time: 00:15:38

Health: 0/102      AC:  6    Str: 16    XL:     12   Next: 17%
Magic:  12/12      EV: 12    Int: 10    God:    Gozag
Gold:   2273       SH: 10    Dex: 25    Spells: 11/11 levels left

rFire   + . .        r - +4 hand cannon (elec)
rCold   . . .        u - +0 buckler
rNeg    . . .        s - +0 troll leather armour {Pargi}
rPois   .            (helmet unavailable)
rElec   .            x - +0 cloak "Vyfraur" {Will+ Dex+4}
rCorr   .            I - +0 pair of gloves
SInv    +            D - +0 pair of boots
Will    ++...        o - amulet of reflection
Stlth   ++           E - ring of protection from fire
HPRegen 1.17/turn    G - ring of flight
MPRegen 0.13/turn

%: reflection
@: lethally poisoned (0 -> -21), gold aura, flying, invisible
A: permanent stasis, dig shafts and tunnels, antennae 3, four strong arms
a: Dig, Shaft Self, Renounce Religion, Potion Petition, Call Merchant, Bribe
Branch


You were on level 10 of the Dungeon.
You worshipped Gozag.
Gozag was most pleased with you.
You visited 2 branches of the dungeon, and saw 11 of its levels.
You also visited: Sewer.

You collected 2357 gold pieces.
You paid 84 gold pieces to Gozag.

Inventory:

Hand Weapons
 r - a +4 hand cannon of electrocution (weapon)
Armour
 c - the +0 chain mail "Bikiurun" {rF+ rC- rCorr MP+9}
   (You found it on level 3 of the Dungeon)

   rF+:       It protects you from fire.
   rC-:       It makes you vulnerable to cold.
   MP+9:      It affects your magic capacity (+9).
   rCorr:     It protects you from acid and corrosion.
 s - a +0 troll leather armour (worn) {Pargi}
 u - a +0 buckler (worn)
 x - the +0 cloak "Vyfraur" (worn) {Will+ Dex+4}
   (You found it on level 5 of the Dungeon)

   Dex+4:     It affects your dexterity (+4).
   Will+:     It increases your willpower.
 D - a +0 pair of boots (worn)
 I - a +0 pair of gloves (worn)
Jewellery
 m - an amulet of the acrobat
 o - an amulet of reflection (around neck)
 y - a ring of magical power
 E - a ring of protection from fire (left hand)
 G - a ring of flight (right hand)
Wands
 i - a wand of flame (74)
 k - a wand of iceblast (9)
 A - a wand of charming (1)
 F - a wand of polymorph (5)
 H - a wand of mindburst (16)
 K - a wand of digging (6)
Scrolls
 a - a scroll of torment
 b - a scroll of butterflies
 f - 4 scrolls of amnesia
 n - 2 scrolls of fear
 p - a scroll of poison
 q - a scroll of fog
 t - 5 scrolls of revelation
 v - a scroll of vulnerability {unknown}
 w - a scroll of enchant armour {unknown}
 z - a scroll of silence {unknown}
 L - a scroll of identify
Potions
 d - 2 potions of haste
 e - 2 potions of attraction {unknown}
 g - a potion of lignification
 h - 7 potions of curing {unknown}
 j - 2 potions of resistance
 l - 2 potions of might {unknown}
Miscellaneous
 B - a lightning rod (4/4)
 J - a condenser vane (inert)


   Skills:
 + Level 12.1 Fighting
 * Level 15.5 Ranged Weapons
 - Level 1.7 Dodging
 - Level 1.2 Stealth


You had 11 spell levels left.
You didn't know any spells.
Your spell library contained the following spells:

 Spells                   Type           Power      Damage    Failure   Level
 Magic Dart               Conj           0%         1d3       54%         1
 Slow                     Hex            0%         N/A       54%         1
 Sting                    Tmut/Pois      0%         1d3       54%         1
 Summon Small Mammal      Summ           0%         N/A       54%         1
 Call Imp                 Summ           0%         N/A       67%         2
 Ensorcelled Hibernation  Hex/Ice        0%         N/A       67%         2
 Passwall                 Tmut/Erth      0%         N/A       67%         2
 Poisonous Vapours        Pois/Air       0%         N/A       67%         2
 Wereblood                Tmut           0%         N/A       67%         2
 Call Canine Familiar     Summ           0%         N/A       88%         3
 Confusing Touch          Hex            0%         N/A       88%         3
 Mephitic Cloud           Conj/Pois/Air  0%         N/A       88%         3
 Sigil of Binding         Hex            0%         N/A       88%         3
 Summon Guardian Golem    Hex/Summ       0%         N/A       88%         3
 Vampiric Draining        Necr           0%         2d6       88%         3
 Volatile Blastmotes      Fire/Tloc      0%         2d10      88%         3
 Animate Armour           Summ/Erth      0%         N/A       99%         4
 Fulminant Prism          Conj/Hex       0%         3d5       99%         4
 Iskenderun's Mystic Bla  Conj/Tloc      0%         2d3       99%         4
 Olgreb's Toxic Radiance  Pois           0%         N/A       99%         4
 Summon Lightning Spire   Summ/Air       0%         N/A       99%         4
 Irradiate                Conj/Tmut      0%         3d11      100%        5
 Lee's Rapid Deconstruct  Erth           0%         3d4*      100%        5
 Swiftness                Air            Unusable   N/A       N/A         3

Dungeon Overview and Level Annotations

Branches:
Dungeon (10/15)            Temple (1/1) D:4            Lair (0/5) D:10
    Orc (0/2) D:9           Sewer (visited)

Altars:
Ashenzari
Cheibriados
Dithmenos
Elyvilon
Fedhas
Gozag
Hepliaklqana
Kikubaaqudgha
Makhleb
Nemelex Xobeh
Okawaru
Qazlal
Ru
Sif Muna
Trog
Uskayaw
Vehumet
Wu Jian
Xom
Yredelemnul
Zin
The Shining One

Shops:
D:4 (

Annotations:
D:10 1 transporter


Innate Abilities, Weirdness & Mutations

You cannot be hasted, slowed, berserked, paralysed or teleported.
You can dig through walls and to a lower floor.
You have a pair of large antennae on your head. (SInv)
Your four strong arms can wield two-handed weapons with a shield.


Message History

You are more poisoned.
The tengu warrior zombie pecks you. The tengu warrior zombie misses you.
Fire: r) +4 hand cannon (elec)
Press: ? - help, Shift-Dir - straight line, f/p - two-headed ogre zombie
Aim: a two-headed ogre zombie, wielding a +0 dire flail of venom and a +0 giant club of venom (poison gas, severely damaged, wandering, unable to see you, hasn't noticed you, 95% to hit)
You shoot a bolt.
The bolt hits the two-headed ogre zombie!
The two-headed ogre zombie is no longer distracted by gold.
The two-headed ogre zombie is almost destroyed.
You feel very sick. The two-headed ogre zombie misses you.
You block the two-headed ogre zombie's attack.
The two-headed ogre zombie hits you with a +1 dire flail of venom!
* * * LOW HITPOINT WARNING * * *
You are more poisoned.
The two-headed ogre zombie barely misses you.
You block the tengu warrior zombie's attack.
The tengu warrior zombie barely misses you.
The tengu warrior zombie claws you but does no damage.
Fire: r) +4 hand cannon (elec)
Press: ? - help, Shift-Dir - straight line, f/p - two-headed ogre zombie
Aim: a two-headed ogre zombie, wielding a +0 dire flail of venom and a +0 giant club of venom (poison gas, almost destroyed, unable to see you, 95% to hit)
You shoot a bolt.
The bolt hits the two-headed ogre zombie!!
Lightning courses through the two-headed ogre zombie!
You destroy the two-headed ogre zombie!
You feel extremely sick.
The tengu warrior zombie hits you with a +3 bardiche of venom!
* * * LOW HITPOINT WARNING * * *
You are lethally poisoned!
The tengu warrior zombie barely misses you.
The tengu warrior zombie claws you but does no damage.
Clouds condense from the air!
The condenser dries out!
* * * LOW HITPOINT WARNING * * *
You feel extremely sick.
You block the two-headed ogre zombie's attack. x2
It was a potion of haste.
Your stasis prevents you from being hasted.
You die...
Your body crumbles into a pile of gold.

## ##.).## #.©..# #.....# .#
##).)..############ #.....#
.###.......#°○○$©[○○°# #.....#
.##.>......#☼○°$:[☼○°########....
..+........#°○°○°○°°○#...........
.##........#○☼°°°○○☼°########....
.###.......#.☼☼§☼☼§○.# #.#.# .#
##.....#####°ZZ### #.... .#
##...## #°☼§@.°°# ####.
#######'## #○°#.#○☼# #. ....# #.#
#○.....○# #. ....# #.# #.○#©#○.#
#. ....###.## #○○○°☼°°# #.
....##...####☼.○°☼.°# #.
............######### #.
....##...##.....©.# #.
....###.#####.....# #.


You could see a two-headed ogre zombie (unable to see you) and a tengu warrior
zombie (unable to see you).

Vanquished Creatures
  A centaur warrior (D:9)
  A boulder beetle (D:9)
  A deep elf pyromancer (D:9)
  2 cyclopes (D:9)
  A black mamba (D:10)
  2 komodo dragons (D:10)
  2 trolls
  A hornet (D:10)
  A wyvern (D:8)
  A wraith (D:9)
  17 yaks
  2 vampire mosquitoes (D:10)
  A two-headed ogre zombie (D:10)
  2 acid dragons
  A water moccasin (D:10)
  3 ice beasts (D:7)
  5 sky beasts
  Pargi (Sewer)
  4 orc warriors
  2 ogres
  7 centaurs
  A phantom (D:5)
  A brain worm (Sewer)
  5 bullfrogs
  3 kobold brigands
  4 scorpions
  5 wights (D:9)
  4 killer bees (D:9)
  6 howler monkeys
  An oklob sapling (D:4)
  4 orc priests
  8 hounds
  2 gnoll boudas
  Jessica (D:2)
  Natasha (D:2)
  An iguana (D:5)
  Ijyb (D:4)
  19 orc wizards
  12 gnolls
  9 adders
  2 river rats (D:3)
  A shadow imp (D:7)
  3 white imps
  6 worms
  A dart slug (D:2)
  42 orcs
  8 endoplasms
  5 giant cockroaches
  7 goblins
  6 hobgoblins
  4 jackals (D:4)
  19 kobolds
  A quokka (D:2)
  5 ball pythons
  10 bats
  2 frilled lizards (D:2)
  4 rats
272 creatures vanquished.

Notes
Turn   | Place    | Note
-------+----------+-------------------------------------------
     0 | D:1      | gwaga3 the Formicid Hunter began the quest for the Orb.
     0 | D:1      | Reached XP level 1. HP: 16/16 MP: 1/1
   194 | D:1      | Reached XP level 2. HP: 23/23 MP: 2/2
   767 | D:2      | Reached XP level 3. HP: 28/28 MP: 3/3
   907 | D:2      | Noticed Natasha
   910 | D:2      | Killed Natasha
   911 | D:2      | Reached skill level 5 in Ranged Weapons
   911 | D:2      | Reached XP level 4. HP: 35/35 MP: 4/4
  1117 | D:2      | Noticed Jessica
  1118 | D:2      | Killed Jessica
  1487 | D:2      | Reached XP level 5. HP: 41/41 MP: 5/5
  1861 | D:3      | Reached skill level 6 in Ranged Weapons
  1861 | D:3      | Reached XP level 6. HP: 48/48 MP: 6/6
  1941 | D:3      | Identified the +0 chain mail "Bikiurun" {rF+ rC- rCorr
                  | MP+9}
  2058 | D:3      | Found a glowing drain.
  2139 | Sewer    | Entered a sewer
  2181 | Sewer    | Noticed Pargi
  2184 | Sewer    | Killed Pargi
  2185 | Sewer    | Reached XP level 7. HP: 55/55 MP: 7/7
  2554 | D:4      | Reached skill level 7 in Ranged Weapons
  2558 | D:4      | Found a staircase to the Ecumenical Temple.
  2576 | D:4      | Reached skill level 5 in Fighting
  2653 | Temple   | Entered the Ecumenical Temple
  2670 | Temple   | Became a worshipper of Gozag Ym Sagoz the Greedy
  2717 | D:4      | Noticed Ijyb
  2724 | D:4      | Killed Ijyb
  2862 | D:4      | Found Fomaps's Antique Weapon Shoppe.
  2884 | D:4      | Found a sacrificial altar of Ru.
  3284 | D:5      | Entered Level 5 of the Dungeon
  3286 | D:5      | Reached XP level 8. HP: 63/63 MP: 8/8
  3304 | D:5      | Reached skill level 8 in Ranged Weapons
  3450 | D:5      | Identified the +0 cloak "Vyfraur" {Will+ Dex+4}
  3552 | D:5      | Reached skill level 9 in Ranged Weapons
  3971 | D:6      | Found an ancient bone altar of Kikubaaqudgha.
  4224 | D:6      | Found a sparkling altar of Nemelex Xobeh.
  4509 | D:7      | Reached XP level 9. HP: 53/71 MP: 9/9
  4646 | D:7      | Reached skill level 10 in Ranged Weapons
  4770 | D:7      | Found a burning altar of Makhleb.
  5005 | D:7      | Found a broken altar of Ashenzari.
  5114 | D:7      | Reached skill level 11 in Ranged Weapons
  5660 | D:8      | Reached XP level 10. HP: 82/82 MP: 10/10
  5692 | D:8      | Found a white marble altar of Elyvilon.
  5744 | D:8      | Reached skill level 12 in Ranged Weapons
  6235 | D:9      | Reached skill level 10 in Fighting
  6244 | D:9      | Reached skill level 13 in Ranged Weapons
  6315 | D:9      | Found a staircase to the Orcish Mines.
  6337 | D:9      | Reached XP level 11. HP: 81/91 MP: 11/11
  6549 | D:9      | Noticed a cyclops
  6551 | D:9      | Noticed a deep elf pyromancer
  6553 | D:9      | Killed a cyclops
  6560 | D:9      | Killed a deep elf pyromancer
  6561 | D:9      | Reached skill level 14 in Ranged Weapons
  6579 | D:9      | Noticed a boulder beetle
  6586 | D:9      | Killed a boulder beetle
  6618 | D:9      | Noticed a cyclops
  6621 | D:9      | Killed a cyclops
  6884 | D:9      | Noticed a centaur warrior
  6889 | D:9      | Killed a centaur warrior
  7162 | D:10     | Entered Level 10 of the Dungeon
  7166 | D:10     | Identified the +1 robe of the Seven People {rC+ rN+}
  7432 | D:10     | Found a staircase to the Lair.
  7504 | D:10     | Reached skill level 15 in Ranged Weapons
  7826 | D:10     | Reached XP level 12. HP: 102/102 MP: 12/12
  8003 | D:10     | Found a transporter.
  8114 | D:10     | Found a transporter.
  8297 | D:10     | HP: 5/102 [poisoned by a tengu warrior zombie]
  8298 | D:10     | Succumbed to a tengu warrior zombie's poison

Illustrated notes

Levels and vault maps discovered:
D:1:      ldierk_walled_garden, layout_loops_ring, kennysheep_minor_cross
D:2:      minmay_chambers_of_twos, layout_basic, uniq_natasha, uniq_jessica
D:3:      layout_rooms, portal_sewer_entry_e, serial_bayou_pond_c,
          dreamdust_princess_bridge
D:4:      layout_gridville, mainiacjoe_overflow_paths,
          minmay_temple_entry_oklob, serial_shops, shop, serial_forest,
          infiniplex_forest_clump_cross, infiniplex_forest_clump_double,
          infiniplex_forest_clump_curved, infiniplex_forest_straight_2,
          uniq_ijyb
D:5:      layout_rooms, hangedman_decor_slide_cut, dk_vineyard_1,
          nicolae_underground_beach
D:6:      layout_basic, old_standard_altar, kennysheep_mini_moat
D:7:      layout_loops_corners, marbit_many_paths,
          ashenzari_conservatory_becter, grunt_ministairs_6, billiards_dpeg
D:8:      layout_rooms, mainiacjoe_overflow_tiny_flanked
D:9:      nzn_winding_woodlands_medium [nzn_winding_woodlands_5x5_closed_star,
          nzn_winding_woodlands_5x15_garden,
          nzn_winding_woodlands_5x5_perimeter,
          nzn_winding_woodlands_5x5_default, nzn_winding_woodlands_center_lodge,
          nzn_winding_woodlands_5x5_default, nzn_winding_woodlands_5x5_three,
          nzn_winding_woodlands_5x15_crooked,
          nzn_winding_woodlands_5x5_default], layout_loops_ring, orc_0_dummy,
          nicolae_kite_square_tiling_tiny
D:10:     gammafunk_cloud_chamber, layout_loops_corners,
          grunt_lair_entry_orc_guard_hut
Temple:   nicolae_temple_bog_church

Skill      XL: |  1  2  3  4  5  6  7  8  9 10 11 12 |
---------------+-------------------------------------+-----
Fighting       | 3 4 5 6 8 10 11 12 | 12.1
Ranged Weapons | 5 6 7 9 11 13 15 | 15.5
Dodging        | |  1.7
Stealth        | |  1.2

Action                     |  1- 3 |  4- 6 |  7- 9 | 10-12 || total
---------------------------+-------+-------+-------+-------++-------
   Fire: Shortbow          |    33 |       |       |       ||    33
         Arbalest          |    16 |    79 |       |       ||    95
         Hand cannon       |       |    28 |   189 |   271 ||   488
Ability: Dig               |       |     1 |     1 |       ||     2
  Evoke: Condenser vane    |       |       |       |     1 ||     1
    Use: Scroll            |     3 |     2 |     4 |     6 ||    15
         Potion            |       |       |       |     2 ||     2
 Armour: Leather armour    |     5 |    43 |       |       ||    48
         Troll leather arm |       |       |    32 |    80 ||   112
  Dodge: Dodged            |     5 |    45 |    19 |    54 ||   123
  Block: Other             |       |     2 |       |       ||     2
         Buckler           |       |       |    27 |    83 ||   110
         Reflection        |       |       |     5 |     8 ||    13

Table legend: (Time is in decaauts)
 A = Elapsed time spent in this place.
 B = Non-inter-level travel time spent in this place.
 C = Inter-level travel time spent in this place.
 D = Time resting spent in this place.
 E = Time spent auto-exploring this place.
 F = Levels seen in this place.
 G = Mean time per level.
                   A        B        C        D        E       F      G
               +--------+--------+--------+--------+--------+-----+--------+
         Total |   8573 |   8074 |    499 |     21 |   6592 |  12 |  714.4 |
       Dungeon |   8426 |   7961 |    465 |     21 |   6545 |  10 |  842.6 |
        Temple |     36 |      3 |     33 |      0 |      0 |   1 |   36.0 |
         Sewer |    110 |    110 |      0 |      0 |     47 |   1 |  110.0 |
               +--------+--------+--------+--------+--------+-----+--------+

Top non-repeatable levels by time:
     D:9: 1182 daAuts
    D:10: 1157 daAuts
     D:7: 1141 daAuts
     D:2: 881 daAuts
     D:3: 876 daAuts
     D:4: 793 daAuts
     D:1: 714 daAuts
     D:6: 698 daAuts
     D:5: 517 daAuts
     D:8: 463 daAuts
   Sewer: 110 daAuts
  Temple: 36 daAuts
